Blues vs Predators
Created - 4 janvier 2015 at 19:57
Goals
|
Blues |
1 |
0 |
1 |
2 |
Predators |
0 |
2 |
2 |
4 |
|
Shots
|
Blues |
7 |
10 |
12 |
29 |
Predators |
6 |
19 |
8 |
33 |
|
1st period
1. Blues , Marian Hossa 27 (Drew Fata) at 5:27
Penalties :
Brian Lee (STL) for High sticking (Minor) at 7:16
2nd period
2. Predators , Josef Vasicek 12 (Danny Richmond) at 1:44
3. Predators , Alexander Steen 10 (Josef Vasicek, Danny Richmond) at 15:58
Penalties :
Marian Hossa (STL) for Interference (Minor) at 7:55, Oleg Saprykin (Nas) for Cross-checking (Minor) at 10:03
3rd period
4. Blues , Michael Frolik 11 (David Perron) at 8:29
5. Predators , Michael Grabner 5 (Josef Vasicek, Alexander Edler) at 13:32 (PP)
6. Predators , Alexander Ovechkin 26 (Brad Boyes, Joe Thornton) at 18:37
Penalties :
Brian Lee (STL) for Roughing (Minor) at 1:23, Derek Boogaard (STL) for Tripping (Minor) at 4:41, Dan Boyle (STL) for Tripping (Minor) at 12:54, Dan Boyle (STL) for Tripping (Minor) at 14:10
Goalie Stats
Tuukka Rask (STL), 29 saves from 33 shots - (0,879), L, 19-11-2, 60:00 minutes
Kari Lehtonen (Nas), 27 saves from 29 shots - (0,931), W, 17-10-2, 60:00 minutes
Players Stats for Blues
Player Name G A P +/- PIM S H SB GA TA FO MP PP MP PK MP
------------------------------------------------------------------------------------
Ales Kotalik 0 0 0 0 0 0 4 0 0 0 0/1 12:48 0:00 2:53
Andrew Cogliano 0 0 0 -1 0 3 0 0 0 0 2/6 10:47 0:12 1:10
Brian Lee 0 0 0 -1 4 1 0 2 0 0 0/0 17:03 0:35 0:02
Bryce Lampman 0 0 0 0 0 1 1 3 0 1 0/0 25:42 0:00 6:40
Dan Boyle 0 0 0 1 4 2 0 0 0 1 0/0 22:17 1:24 0:00
David Perron 0 1 1 0 0 2 0 0 1 0 0/0 12:02 0:54 0:23
Derek Boogaard 0 0 0 -1 2 0 2 0 1 0 0/0 11:49 0:00 1:18
Drew Fata 0 1 1 -1 0 0 2 0 1 1 0/0 17:31 0:00 6:51
Erik Rasmussen 0 0 0 0 0 1 0 0 0 0 1/2 8:06 0:00 0:00
Kevin Shattenkirk 0 0 0 -1 0 2 0 0 0 0 0/0 16:32 0:35 3:51
Kristopher Letang 0 0 0 0 0 3 1 2 0 1 0/0 22:38 1:24 3:42
Marian Hossa 1 0 1 0 2 4 2 0 2 1 1/2 17:47 1:05 0:00
Michael Frolik 1 0 1 0 0 2 2 1 0 0 0/0 11:39 0:54 0:00
Nik Antropov 0 0 0 0 0 0 5 0 0 1 7/14 18:21 0:53 5:59
Paul Kariya 0 0 0 0 0 3 4 0 0 0 1/3 17:44 1:05 0:00
Sergei Shirokov 0 0 0 -1 0 0 1 0 0 2 0/2 13:55 0:00 3:24
Taylor Pyatt 0 0 0 0 0 2 2 0 0 1 1/2 15:07 0:00 5:59
Travis Zajac 0 0 0 0 0 3 4 0 0 0 15/28 17:33 0:54 0:00
Players Stats for Predators
Player Name G A P +/- PIM S H SB GA TA FO MP PP MP PK MP
------------------------------------------------------------------------------------
Alexander Edler 0 1 1 -1 0 3 1 3 0 0 0/0 22:50 4:51 1:05
Alexander Ovechkin 1 0 1 0 0 8 1 2 1 0 1/1 25:29 5:51 0:59
Alexander Steen 1 0 1 1 0 2 4 1 2 1 0/0 18:22 4:34 0:28
Barret Jackman 0 0 0 0 0 0 1 0 0 0 0/0 7:43 0:00 0:00
Brad Boyes 0 1 1 0 0 1 2 0 1 0 0/0 24:13 5:51 0:00
Danny Richmond 0 2 2 2 0 2 1 3 1 0 0/0 22:57 5:42 0:54
David Van Der Gulik 0 0 0 0 0 0 0 0 0 0 0/0 6:59 0:08 0:00
Georges Laraque 0 0 0 0 0 1 0 1 0 0 0/0 9:51 0:00 0:40
Joe Thornton 0 1 1 0 0 5 0 0 0 0 16/36 25:19 5:51 0:58
Josef Vasicek 1 2 3 1 0 5 2 0 0 0 8/11 18:05 4:34 0:09
Kent Huskins 0 0 0 0 0 0 0 0 1 0 0/0 9:42 0:00 0:00
Kris Vernarsky 0 0 0 0 0 2 0 1 2 0 6/10 14:56 0:08 0:00
Michael Grabner 1 0 1 1 0 2 1 0 0 0 0/1 18:48 4:34 0:44
Oleg Saprykin 0 0 0 0 2 0 0 0 0 0 1/1 14:55 0:08 0:00
Oliver Ekman-Larsson 0 0 0 0 0 0 0 1 0 1 0/0 6:17 0:00 0:00
Paul Mara 0 0 0 0 0 0 0 0 0 1 0/0 4:51 0:00 0:00
Robyn Regehr 0 0 0 2 0 2 1 0 0 0 0/0 22:57 5:42 0:54
Ryan Mcdonagh 0 0 0 -1 0 0 1 0 1 2 0/0 23:46 4:51 1:05
3 Stars
1 - Josef Vasicek (Nas)
2 - Alexander Steen (Nas)
3 - Danny Richmond (Nas)
Power Play
Blues - 0 on 1 Attempt(s) - 0,00%
Predators - 1 on 6 Attempt(s) - 16,67%
Penalty Kill
Blues - 5 on 6 Attempt(s) - 83,33%
- Score 0 goal in Penalty Kill
Predators - 1 on 1 Attempt(s) - 100,00%
- Score 0 goal in Penalty Kill
Official
Referees : O'Halloran Dan and McCreary Bill
Linesman : Scott Driscoll and Lonnie Cameron
Game Notes
Oliver Ekman-Larsson is injured at 13:11 of 2nd period (Sprained Left Ankle)
Finance
Level 1 -- Attendance: 5657 (94,28%) -- Ticket Income 492 159 $
Level 2 -- Attendance: 3494 (69,88%) -- Ticket Income 206 146 $
Level 3 -- Attendance: 1766 (88,30%) -- Ticket Income 58 278 $
Level 4 -- Attendance: 3204 (80,10%) -- Ticket Income 70 488 $
Luxury Box -- Attendance: 820 (82,00%) -- Ticket Income 154 160 $
Game was played at the Wildcat center
Total Attendance: 14941 (83,01%)
Total Ticket Income: 981 231 $
Other Income: 147 185 $
Total Income: 1 128 416 $
Blues
5 vs 5 Forward
Center Left Wing Right Wing Time % Phy DF OF
1 Travis Zajac Paul Kariya Marian Hossa 40 1 2 2
2 Nik Antropov David Perron Michael Frolik 30 1 2 2
3 Andrew Cogliano Derek Boogaard Sergei Shirokov 20 1 2 2
4 Erik Rasmussen Taylor Pyatt Ales Kotalik 10 1 2 2
5 vs 5 Defense
Defense Defense Time % Phy DF OF
1 Dan Boyle Bryce Lampman 40 1 2 2
2 Kristopher Letang Brian Lee 30 1 2 2
3 Drew Fata Kevin Shattenkirk 20 1 2 2
4 Dan Boyle Kristopher Letang 10 1 2 2
PowerPlay Forward
Center Left Wing Right Wing Time % Phy DF OF
1 Nik Antropov Paul Kariya Marian Hossa 60 1 2 2
2 Travis Zajac David Perron Michael Frolik 40 1 2 2
PowerPlay Defense
Defense Defense Time % Phy DF OF
1 Dan Boyle Kristopher Letang 60 1 2 2
2 Brian Lee Kevin Shattenkirk 40 1 2 2
Penalty Kill 4 Players Forward
Center Wing Time % Phy DF OF
1 Nik Antropov Taylor Pyatt 60 1 2 2
2 Ales Kotalik Sergei Shirokov 40 1 2 2
Penalty Kill 4 Players Defense
Defense Defense Time % Phy DF OF
1 Bryce Lampman Drew Fata 60 1 2 2
2 Kristopher Letang Kevin Shattenkirk 40 1 2 2
Penalty Kill - 3 Players Forward
Forward Time % Phy DF OF
1 Taylor Pyatt 60 1 2 2
2 Ales Kotalik 40 1 2 2
Penalty Kill - 3 Players Defense
Defense Defense Time % Phy DF OF
1 Drew Fata Bryce Lampman 60 1 2 2
2 Brian Lee Dan Boyle 40 1 2 2
4 vs 4 Forward
Center Wing Time % Phy DF OF
1 Travis Zajac Paul Kariya 60 1 2 2
2 Nik Antropov Marian Hossa 40 1 2 2
4 vs 4 Defense
Defense Defense Time % Phy DF OF
1 Dan Boyle Bryce Lampman 60 1 2 2
2 Kristopher Letang Brian Lee 40 1 2 2
Last Minutes Offensive
Center Left Wing Right Wing Defense Defense
Travis Zajac Paul Kariya Marian Hossa Dan Boyle Kristopher Letang
Last Minutes Defensive
Center Left Wing Right Wing Defense Defense
Nik Antropov Taylor Pyatt Sergei Shirokov Bryce Lampman Drew Fata
Goaltenders
Starting : Tuukka Rask
Backup : Cory Schneider
Extra Forwards
Normal : Andrew Cogliano, Taylor Pyatt, Sergei Shirokov - PP : Andrew Cogliano, Taylor Pyatt - PK : Sergei Shirokov
Extra Defensemen
Normal : Brian Lee, Kevin Shattenkirk, Bryce Lampman - PP : Brian Lee - PK : Kevin Shattenkirk, Bryce Lampman
Penalty Shots
David Perron, Michael Frolik, Marian Hossa, Travis Zajac, Nik Antropov
Predators
5 vs 5 Forward
Center Left Wing Right Wing Time % Phy DF OF
1 Joe Thornton Alexander Ovechkin Brad Boyes 40 1 2 2
2 Josef Vasicek Alexander Steen Michael Grabner 30 1 2 2
3 Kris Vernarsky Oleg Saprykin Georges Laraque 20 1 2 2
4 Kris Vernarsky Oleg Saprykin David Van Der Gulik 10 1 2 2
5 vs 5 Defense
Defense Defense Time % Phy DF OF
1 Ryan Mcdonagh Alexander Edler 35 1 2 2
2 Danny Richmond Robyn Regehr 35 1 2 2
3 Oliver Ekman-Larsson Kent Huskins 20 1 2 2
4 Barret Jackman Paul Mara 10 1 2 2
PowerPlay Forward
Center Left Wing Right Wing Time % Phy DF OF
1 Joe Thornton Alexander Ovechkin Brad Boyes 60 1 2 2
2 Josef Vasicek Alexander Steen Michael Grabner 40 1 2 2
PowerPlay Defense
Defense Defense Time % Phy DF OF
1 Ryan Mcdonagh Alexander Edler 50 1 2 2
2 Danny Richmond Robyn Regehr 50 1 2 2
Penalty Kill 4 Players Forward
Center Wing Time % Phy DF OF
1 Alexander Ovechkin Georges Laraque 50 1 2 2
2 Joe Thornton Oleg Saprykin 50 1 2 2
Penalty Kill 4 Players Defense
Defense Defense Time % Phy DF OF
1 Ryan Mcdonagh Alexander Edler 50 1 2 2
2 Danny Richmond Robyn Regehr 50 1 2 2
Penalty Kill - 3 Players Forward
Forward Time % Phy DF OF
1 Alexander Ovechkin 50 1 2 2
2 Joe Thornton 50 1 2 2
Penalty Kill - 3 Players Defense
Defense Defense Time % Phy DF OF
1 Ryan Mcdonagh Alexander Edler 50 1 2 2
2 Danny Richmond Robyn Regehr 50 1 2 2
4 vs 4 Forward
Center Wing Time % Phy DF OF
1 Alexander Ovechkin Brad Boyes 50 1 2 2
2 Joe Thornton Alexander Steen 50 1 2 2
4 vs 4 Defense
Defense Defense Time % Phy DF OF
1 Ryan Mcdonagh Alexander Edler 50 1 2 2
2 Danny Richmond Robyn Regehr 50 1 2 2
Last Minutes Offensive
Center Left Wing Right Wing Defense Defense
Joe Thornton Alexander Ovechkin Brad Boyes Danny Richmond Alexander Edler
Last Minutes Defensive
Center Left Wing Right Wing Defense Defense
Joe Thornton Alexander Ovechkin Georges Laraque Ryan Mcdonagh Alexander Edler
Goaltenders
Starting : Kari Lehtonen
Backup : Steve Mason
Extra Forwards
Normal : Kris Vernarsky, Oleg Saprykin, Michael Grabner - PP : Kris Vernarsky, Oleg Saprykin - PK : Michael Grabner
Extra Defensemen
Normal : Barret Jackman, Kent Huskins, Paul Mara - PP : Barret Jackman - PK : Kent Huskins, Paul Mara
Penalty Shots
Alexander Ovechkin, Joe Thornton, Michael Grabner, Alexander Steen, Brad Boyes
% Time on Ice - Blues
Lines # - Real PCT - Wanted PCT - Time Play
Normal Forward
1 - 39% - 40% - 18:19
2 - 26% - 30% - 12:29
3 - 18% - 20% - 8:34
4 - 17% - 10% - 8:06
Normal Defense
1 - 40% - 40% - 19:02
2 - 33% - 30% - 15:46
3 - 21% - 20% - 9:45
4 - 6% - 10% - 2:55
PP Forward
1 - 55% - 60% - 1:05
2 - 45% - 40% - 0:54
PP Defense
1 - 71% - 60% - 1:24
2 - 29% - 40% - 0:35
PK Forward
1 - 73% - 60% - 7:40
2 - 27% - 40% - 2:53
PK Defense
1 - 65% - 60% - 6:51
2 - 35% - 40% - 3:42
PK3 Forward
1 - 0% - 60%
2 - 0% - 40%
PK3 Defense
1 - 0% - 60%
2 - 0% - 40%
44 Forward
1 - 0% - 60%
2 - 0% - 40%
44 Defense
1 - 0% - 60%
2 - 0% - 40%
Last Minute Offensive - 0:00
Last Minute Defensive - 0:00
Total
Forward - 60:00
Defense - 60:00
|
% Time on Ice - Predators
Lines # - Real PCT - Wanted PCT - Time Play
Normal Forward
1 - 41% - 40% - 19:39
2 - 27% - 30% - 12:54
3 - 19% - 20% - 9:11
4 - 12% - 10% - 5:44
Normal Defense
1 - 35% - 35% - 16:51
2 - 34% - 35% - 16:21
3 - 20% - 20% - 9:42
4 - 10% - 10% - 4:34
PP Forward
1 - 57% - 60% - 5:59
2 - 43% - 40% - 4:34
PP Defense
1 - 46% - 50% - 4:51
2 - 54% - 50% - 5:42
PK Forward
1 - 34% - 50% - 0:40
2 - 66% - 50% - 1:19
PK Defense
1 - 55% - 50% - 1:05
2 - 45% - 50% - 0:54
PK3 Forward
1 - 0% - 50%
2 - 0% - 50%
PK3 Defense
1 - 0% - 50%
2 - 0% - 50%
44 Forward
1 - 0% - 50%
2 - 0% - 50%
44 Defense
1 - 0% - 50%
2 - 0% - 50%
Last Minute Offensive - 0:00
Last Minute Defensive - 0:00
Total
Forward - 60:00
Defense - 60:00
|
Play by Play
1st period
0:01 of 1st period - Travis Zajac wins face-off versus Joe Thornton in neutral zone.
0:16 of 1st period - Wrist shot by Travis Zajac.
0:16 of 1st period - Shot Misses the Net.
0:33 of 1st period - Wrist shot by Joe Thornton.
0:33 of 1st period - Shot Misses the Net.
1:24 of 1st period - Wrist shot by Alexander Steen.
1:24 of 1st period - Stopped by Tuukka Rask without a rebound.
1:25 of 1st period - Travis Zajac wins face-off versus Kris Vernarsky in Blues zone.
1:50 of 1st period - Josef Vasicek is hit by Michael Frolik and loses puck.
2:44 of 1st period - Wrist shot by Kris Vernarsky.
2:44 of 1st period - Shot Blocked by Brian Lee.
2:46 of 1st period - Slapshot by David Van Der Gulik.
2:46 of 1st period - Deflect By Kris Vernarsky.
2:46 of 1st period - Shot Blocked by Brian Lee.
2:46 of 1st period - Puck is out of play.
2:47 of 1st period - Travis Zajac wins face-off versus Kris Vernarsky in Blues zone.
2:56 of 1st period - Snap shot by Marian Hossa.
2:56 of 1st period - Deflect By Paul Kariya.
2:56 of 1st period - Stopped by Kari Lehtonen with a rebound.
3:36 of 1st period - Derek Boogaard is hit by Barret Jackman and loses puck.
3:43 of 1st period - Snap shot by Joe Thornton.
3:43 of 1st period - Shot Misses the Net.
5:27 of 1st period - Snap shot by Marian Hossa.
5:27 of 1st period - Goal by Marian Hossa - Blues : 1 - Predators : 0.
5:28 of 1st period - Travis Zajac wins face-off versus Joe Thornton in neutral zone.
5:35 of 1st period - Snap shot by Joe Thornton.
5:35 of 1st period - Stopped by Tuukka Rask without a rebound.
5:36 of 1st period - Joe Thornton wins face-off versus Travis Zajac in Blues zone.
5:45 of 1st period - Snap shot by Alexander Ovechkin.
5:45 of 1st period - Stopped by Tuukka Rask with a rebound.
5:47 of 1st period - Slapshot by Ryan Mcdonagh.
5:47 of 1st period - Deflect By Alexander Ovechkin.
5:47 of 1st period - Shot Blocked by Kristopher Letang.
5:47 of 1st period - Puck is out of play.
5:48 of 1st period - Kris Vernarsky wins face-off versus Travis Zajac in Blues zone.
5:49 of 1st period - Slapshot by Alexander Edler.
5:49 of 1st period - Deflect By Marian Hossa.
5:49 of 1st period - Stopped by Tuukka Rask without a rebound.
5:50 of 1st period - Kris Vernarsky wins face-off versus Travis Zajac in Blues zone.
5:59 of 1st period - Kris Vernarsky is hit by Travis Zajac and loses puck.
6:40 of 1st period - Snap shot by Josef Vasicek.
6:40 of 1st period - Deflect By Michael Frolik.
6:40 of 1st period - Shot Blocked by Michael Frolik.
6:40 of 1st period - Puck is out of play.
6:41 of 1st period - Josef Vasicek wins face-off versus Nik Antropov in Blues zone.
6:54 of 1st period - Wrist shot by Josef Vasicek.
6:54 of 1st period - Stopped by Tuukka Rask without a rebound.
6:55 of 1st period - Kris Vernarsky wins face-off versus Paul Kariya in Blues zone.
6:56 of 1st period - Wrist shot by Oleg Saprykin.
6:56 of 1st period - Shot Blocked by Kristopher Letang.
7:08 of 1st period - Wrist shot by Kris Vernarsky.
7:08 of 1st period - Stopped by Tuukka Rask with a rebound.
7:10 of 1st period - Slapshot by Georges Laraque.
7:10 of 1st period - Shot Misses the Net.
7:16 of 1st period - Minor Penalty to Brian Lee for High sticking.
7:17 of 1st period - Nik Antropov wins face-off versus Joe Thornton in Blues zone.
9:08 of 1st period - Andrew Cogliano is hit by Alexander Steen and loses puck.
9:16 of 1st period - Penalty to Brian Lee is over, Brian Lee is back on ice.
9:59 of 1st period - Alexander Ovechkin is hit by Paul Kariya and loses puck.
10:08 of 1st period - Snap shot by Paul Kariya.
10:08 of 1st period - Shot Misses the Net.
10:10 of 1st period - Snap shot by Travis Zajac.
10:10 of 1st period - Shot Blocked by Alexander Ovechkin.
10:31 of 1st period - Georges Laraque is hit by Taylor Pyatt.
10:41 of 1st period - Michael Grabner is hit by Michael Frolik.
10:45 of 1st period - Nik Antropov is hit by Alexander Steen and loses puck.
10:52 of 1st period - Robyn Regehr is hit by Nik Antropov.
12:32 of 1st period - Barret Jackman is hit by Derek Boogaard and loses puck.
13:00 of 1st period - Danny Richmond is hit by Drew Fata and loses puck.
13:51 of 1st period - Wrist shot by Taylor Pyatt.
13:51 of 1st period - Shot Misses the Net.
14:03 of 1st period - Erik Rasmussen is hit by Danny Richmond and loses puck.
14:45 of 1st period - Paul Mara is hit by Sergei Shirokov.
15:04 of 1st period - Oliver Ekman-Larsson is hit by Nik Antropov and loses puck.
15:26 of 1st period - Kris Vernarsky is hit by Paul Kariya and loses puck.
16:28 of 1st period - Robyn Regehr is hit by Travis Zajac.
16:37 of 1st period - Off-side.
16:38 of 1st period - Josef Vasicek wins face-off versus Andrew Cogliano in neutral zone.
17:16 of 1st period - Snap shot by Paul Kariya.
17:16 of 1st period - Deflect By Marian Hossa.
17:16 of 1st period - Shot Blocked by Alexander Steen.
17:16 of 1st period - Puck is out of play.
17:17 of 1st period - Josef Vasicek wins face-off versus Travis Zajac in Predators zone.
17:21 of 1st period - Icing by Alexander Edler.
17:22 of 1st period - Travis Zajac wins face-off versus Josef Vasicek in Predators zone.
17:27 of 1st period - Snap shot by Travis Zajac.
17:27 of 1st period - Shot Misses the Net.
17:29 of 1st period - Snap shot by Travis Zajac.
17:29 of 1st period - Shot Blocked by Alexander Edler.
17:31 of 1st period - Slapshot by Travis Zajac.
17:31 of 1st period - Stopped by Kari Lehtonen without a rebound.
17:32 of 1st period - Paul Kariya wins face-off versus Joe Thornton in Predators zone.
17:45 of 1st period - Wrist shot by Travis Zajac.
17:45 of 1st period - Stopped by Kari Lehtonen without a rebound.
17:46 of 1st period - Nik Antropov wins face-off versus Joe Thornton in Predators zone.
17:51 of 1st period - Slapshot by Michael Frolik.
17:51 of 1st period - Shot Blocked by Alexander Edler.
17:53 of 1st period - Backhand shot by Bryce Lampman.
17:53 of 1st period - Shot Hit the Post.
17:55 of 1st period - Wrist shot by Michael Frolik.
17:55 of 1st period - Deflect By David Perron.
17:55 of 1st period - Stopped by Kari Lehtonen with a rebound.
17:57 of 1st period - Slapshot by Bryce Lampman.
17:57 of 1st period - Stopped by Kari Lehtonen with a rebound.
17:59 of 1st period - Snap shot by Dan Boyle.
17:59 of 1st period - Stopped by Kari Lehtonen without a rebound.
18:00 of 1st period - Travis Zajac wins face-off versus Joe Thornton in Predators zone.
18:27 of 1st period - Bryce Lampman is hit by Michael Grabner and loses puck.
19:19 of 1st period - Taylor Pyatt is hit by Brad Boyes and loses puck.
19:36 of 1st period - Backhand shot by Josef Vasicek.
19:36 of 1st period - Shot Misses the Net.
Goals for this period are 1 for Blues vs 0 for Predators.
Shots for this period are 7 for Blues vs 6 for Predators.
2nd period
0:01 of 2nd period - Joe Thornton wins face-off versus Nik Antropov in neutral zone.
0:04 of 2nd period - Bryce Lampman is hit by Alexander Ovechkin and loses puck.
0:27 of 2nd period - Michael Grabner is hit by Travis Zajac.
0:51 of 2nd period - Slapshot by Andrew Cogliano.
0:51 of 2nd period - Stopped by Kari Lehtonen with a rebound.
0:53 of 2nd period - Slapshot by Kristopher Letang.
0:53 of 2nd period - Shot Blocked by Danny Richmond.
0:55 of 2nd period - Slapshot by Brian Lee.
0:55 of 2nd period - Deflect By Andrew Cogliano.
0:55 of 2nd period - Shot Misses the Net.
0:55 of 2nd period - Puck is out of play.
0:56 of 2nd period - Nik Antropov wins face-off versus Joe Thornton in Predators zone.
1:23 of 2nd period - Marian Hossa is hit by Josef Vasicek and loses puck.
1:30 of 2nd period - Slapshot by Kristopher Letang.
1:30 of 2nd period - Stopped by Kari Lehtonen without a rebound.
1:31 of 2nd period - Josef Vasicek wins face-off versus Nik Antropov in Predators zone.
1:44 of 2nd period - Snap shot by Josef Vasicek.
1:44 of 2nd period - Goal by Josef Vasicek - Blues : 1 - Predators : 1.
1:45 of 2nd period - Joe Thornton wins face-off versus Travis Zajac in neutral zone.
1:52 of 2nd period - Robyn Regehr is hit by Paul Kariya.
2:21 of 2nd period - Backhand shot by Danny Richmond.
2:21 of 2nd period - Stopped by Tuukka Rask without a rebound.
2:22 of 2nd period - Travis Zajac wins face-off versus Joe Thornton in Blues zone.
3:21 of 2nd period - Wrist shot by Andrew Cogliano.
3:21 of 2nd period - Shot Misses the Net.
3:23 of 2nd period - Snap shot by Kevin Shattenkirk.
3:23 of 2nd period - Deflect By Derek Boogaard.
3:23 of 2nd period - Shot Blocked by Georges Laraque.
3:23 of 2nd period - Puck is out of play.
3:24 of 2nd period - Joe Thornton wins face-off versus Travis Zajac in Predators zone.
4:10 of 2nd period - Backhand shot by Robyn Regehr.
4:10 of 2nd period - Shot Misses the Net.
4:12 of 2nd period - Slapshot by Robyn Regehr.
4:12 of 2nd period - Stopped by Tuukka Rask with a rebound.
4:14 of 2nd period - Snap shot by Georges Laraque.
4:14 of 2nd period - Stopped by Tuukka Rask with a rebound.
4:16 of 2nd period - Slapshot by Robyn Regehr.
4:16 of 2nd period - Shot Blocked by Bryce Lampman.
4:18 of 2nd period - Slapshot by Danny Richmond.
4:18 of 2nd period - Stopped by Tuukka Rask with a rebound.
4:20 of 2nd period - Slapshot by Kris Vernarsky.
4:20 of 2nd period - Stopped by Tuukka Rask with a rebound.
5:14 of 2nd period - Brad Boyes is hit by Ales Kotalik and loses puck.
5:31 of 2nd period - Kristopher Letang is hit by Ryan Mcdonagh and loses puck.
6:37 of 2nd period - Icing by Ales Kotalik.
6:38 of 2nd period - Erik Rasmussen wins face-off versus Joe Thornton in Blues zone.
7:05 of 2nd period - Snap shot by Kris Vernarsky.
7:05 of 2nd period - Shot Misses the Net.
7:28 of 2nd period - Snap shot by Andrew Cogliano.
7:28 of 2nd period - Stopped by Kari Lehtonen without a rebound.
7:29 of 2nd period - Joe Thornton wins face-off versus Andrew Cogliano in Predators zone.
7:42 of 2nd period - Slapshot by Alexander Ovechkin.
7:42 of 2nd period - Stopped by Tuukka Rask without a rebound.
7:43 of 2nd period - Joe Thornton wins face-off versus Travis Zajac in Blues zone.
7:46 of 2nd period - Slapshot by Alexander Ovechkin.
7:46 of 2nd period - Stopped by Tuukka Rask with a rebound.
7:48 of 2nd period - Slapshot by Alexander Edler.
7:48 of 2nd period - Shot Hit the Post.
7:50 of 2nd period - Snap shot by Alexander Ovechkin.
7:50 of 2nd period - Stopped by Tuukka Rask with a rebound.
7:55 of 2nd period - Minor Penalty to Marian Hossa for Interference.
7:56 of 2nd period - Nik Antropov wins face-off versus Joe Thornton in Blues zone.
8:56 of 2nd period - Slapshot by Kristopher Letang.
8:56 of 2nd period - Stopped by Kari Lehtonen with a rebound.
8:59 of 2nd period - Icing by Ryan Mcdonagh.
9:00 of 2nd period - Josef Vasicek wins face-off versus Sergei Shirokov in Predators zone.
9:55 of 2nd period - Penalty to Marian Hossa is over, Marian Hossa is back on ice.
10:03 of 2nd period - Minor Penalty to Oleg Saprykin for Cross-checking.
10:04 of 2nd period - Alexander Ovechkin wins face-off versus Paul Kariya in Predators zone.
10:14 of 2nd period - Alexander Edler is hit by Nik Antropov and loses puck.
12:03 of 2nd period - Penalty to Oleg Saprykin is over, Oleg Saprykin is back on ice.
12:08 of 2nd period - Slapshot by Alexander Edler.
12:08 of 2nd period - Stopped by Tuukka Rask with a rebound.
12:10 of 2nd period - Slapshot by Alexander Edler.
12:10 of 2nd period - Stopped by Tuukka Rask without a rebound.
12:11 of 2nd period - Kris Vernarsky wins face-off versus Erik Rasmussen in Blues zone.
12:24 of 2nd period - Oliver Ekman-Larsson is hit by Ales Kotalik and loses puck.
12:43 of 2nd period - Snap shot by Oleg Saprykin.
12:43 of 2nd period - Shot Misses the Net.
13:01 of 2nd period - Snap shot by Kevin Shattenkirk.
13:01 of 2nd period - Stopped by Kari Lehtonen with a rebound.
13:03 of 2nd period - Slapshot by Taylor Pyatt.
13:03 of 2nd period - Shot Misses the Net.
13:09 of 2nd period - Slapshot by Brian Lee.
13:09 of 2nd period - Shot Blocked by Kris Vernarsky.
13:11 of 2nd period - Snap shot by Taylor Pyatt.
13:11 of 2nd period - Shot Blocked by Oliver Ekman-Larsson.
13:11 of 2nd period - Oliver Ekman-Larsson from Predators is injured at 13:11 of 2nd period (Sprained Left Ankle).
13:12 of 2nd period - Travis Zajac wins face-off versus Joe Thornton in Predators zone.
13:25 of 2nd period - Snap shot by Travis Zajac.
13:25 of 2nd period - Stopped by Kari Lehtonen without a rebound.
13:26 of 2nd period - Travis Zajac wins face-off versus Joe Thornton in Predators zone.
13:27 of 2nd period - Slapshot by Paul Kariya.
13:27 of 2nd period - Shot Misses the Net.
13:37 of 2nd period - Slapshot by Joe Thornton.
13:37 of 2nd period - Stopped by Tuukka Rask with a rebound.
13:39 of 2nd period - Snap shot by Brad Boyes.
13:39 of 2nd period - Deflect By Alexander Ovechkin.
13:39 of 2nd period - Stopped by Tuukka Rask without a rebound.
13:40 of 2nd period - Travis Zajac wins face-off versus Joe Thornton in Blues zone.
13:46 of 2nd period - Dan Boyle is hit by Robyn Regehr and loses puck.
13:49 of 2nd period - Wrist shot by Paul Kariya.
13:49 of 2nd period - Shot Blocked by Danny Richmond.
15:18 of 2nd period - Backhand shot by Josef Vasicek.
15:18 of 2nd period - Stopped by Tuukka Rask without a rebound.
15:19 of 2nd period - Kris Vernarsky wins face-off versus Nik Antropov in Blues zone.
15:44 of 2nd period - Travis Zajac is hit by Josef Vasicek.
15:50 of 2nd period - Icing by Danny Richmond.
15:51 of 2nd period - Josef Vasicek wins face-off versus Travis Zajac in Predators zone.
15:58 of 2nd period - Snap shot by Alexander Steen.
15:58 of 2nd period - Goal by Alexander Steen - Blues : 1 - Predators : 2.
15:59 of 2nd period - Joe Thornton wins face-off versus Travis Zajac in neutral zone.
16:07 of 2nd period - Icing by Bryce Lampman.
16:08 of 2nd period - Joe Thornton wins face-off versus Travis Zajac in Blues zone.
16:17 of 2nd period - Slapshot by Joe Thornton.
16:17 of 2nd period - Stopped by Tuukka Rask without a rebound.
16:18 of 2nd period - Joe Thornton wins face-off versus Travis Zajac in Blues zone.
16:19 of 2nd period - Snap shot by Alexander Ovechkin.
16:19 of 2nd period - Stopped by Tuukka Rask without a rebound.
16:20 of 2nd period - Travis Zajac wins face-off versus Joe Thornton in Blues zone.
16:51 of 2nd period - Ryan Mcdonagh is hit by Nik Antropov and loses puck.
17:15 of 2nd period - Wrist shot by Taylor Pyatt.
17:15 of 2nd period - Stopped by Kari Lehtonen with a rebound.
17:17 of 2nd period - Slapshot by Taylor Pyatt.
17:17 of 2nd period - Shot Misses the Net.
17:19 of 2nd period - Slapshot by Erik Rasmussen.
17:19 of 2nd period - Stopped by Kari Lehtonen without a rebound.
17:20 of 2nd period - Travis Zajac wins face-off versus Joe Thornton in Predators zone.
17:21 of 2nd period - Snap shot by Marian Hossa.
17:21 of 2nd period - Deflect By Paul Kariya.
17:21 of 2nd period - Stopped by Kari Lehtonen with a rebound.
17:33 of 2nd period - Wrist shot by Joe Thornton.
17:33 of 2nd period - Stopped by Tuukka Rask with a rebound.
17:35 of 2nd period - Slapshot by Robyn Regehr.
17:35 of 2nd period - Stopped by Tuukka Rask with a rebound.
17:37 of 2nd period - Slapshot by Danny Richmond.
17:37 of 2nd period - Shot Misses the Net.
18:28 of 2nd period - David Perron is hit by Brad Boyes and loses puck.
19:14 of 2nd period - Off-side.
19:15 of 2nd period - Taylor Pyatt wins face-off versus Joe Thornton in neutral zone.
19:18 of 2nd period - Joe Thornton is hit by Ales Kotalik and loses puck.
19:23 of 2nd period - Wrist shot by Kristopher Letang.
19:23 of 2nd period - Stopped by Kari Lehtonen with a rebound.
19:31 of 2nd period - Erik Rasmussen is hit by Alexander Edler and loses puck.
19:40 of 2nd period - Joe Thornton is hit by Taylor Pyatt.
19:56 of 2nd period - Snap shot by Erik Rasmussen.
19:56 of 2nd period - Shot Blocked by Alexander Ovechkin.
Goals for this period are 0 for Blues vs 2 for Predators.
Shots for this period are 10 for Blues vs 19 for Predators.
3rd period
0:01 of 3rd period - Joe Thornton wins face-off versus Nik Antropov in neutral zone.
0:06 of 3rd period - Slapshot by David Perron.
0:06 of 3rd period - Stopped by Kari Lehtonen with a rebound.
1:10 of 3rd period - Danny Richmond is hit by Nik Antropov and loses puck.
1:23 of 3rd period - Minor Penalty to Brian Lee for Roughing.
1:24 of 3rd period - Joe Thornton wins face-off versus Nik Antropov in Blues zone.
2:47 of 3rd period - Icing by Alexander Steen.
2:48 of 3rd period - Josef Vasicek wins face-off versus Andrew Cogliano in Predators zone.
3:23 of 3rd period - Penalty to Brian Lee is over, Brian Lee is back on ice.
3:31 of 3rd period - Slapshot by Brian Lee.
3:31 of 3rd period - Stopped by Kari Lehtonen with a rebound.
4:41 of 3rd period - Minor Penalty to Derek Boogaard for Tripping.
4:42 of 3rd period - Joe Thornton wins face-off versus Nik Antropov in Blues zone.
4:43 of 3rd period - Wrist shot by Alexander Ovechkin.
4:43 of 3rd period - Stopped by Tuukka Rask with a rebound.
4:45 of 3rd period - Slapshot by Alexander Edler.
4:45 of 3rd period - Shot Misses the Net.
6:41 of 3rd period - Penalty to Derek Boogaard is over, Derek Boogaard is back on ice.
7:14 of 3rd period - Wrist shot by Oleg Saprykin.
7:14 of 3rd period - Shot Blocked by Bryce Lampman.
7:22 of 3rd period - Barret Jackman is hit by Derek Boogaard and loses puck.
7:38 of 3rd period - Barret Jackman is hit by Drew Fata and loses puck.
7:47 of 3rd period - Icing by Derek Boogaard.
7:48 of 3rd period - Joe Thornton wins face-off versus Ales Kotalik in Blues zone.
7:53 of 3rd period - Snap shot by Alexander Ovechkin.
7:53 of 3rd period - Shot Misses the Net.
7:55 of 3rd period - Snap shot by Brad Boyes.
7:55 of 3rd period - Stopped by Tuukka Rask without a rebound.
7:56 of 3rd period - Travis Zajac wins face-off versus Joe Thornton in Blues zone.
8:02 of 3rd period - Snap shot by Kristopher Letang.
8:02 of 3rd period - Shot Blocked by Alexander Edler.
8:06 of 3rd period - Slapshot by Travis Zajac.
8:06 of 3rd period - Shot Misses the Net.
8:22 of 3rd period - Alexander Ovechkin is hit by Kristopher Letang and loses puck.
8:29 of 3rd period - Snap shot by Michael Frolik.
8:29 of 3rd period - Goal by Michael Frolik - Blues : 2 - Predators : 2.
8:30 of 3rd period - Josef Vasicek wins face-off versus Marian Hossa in neutral zone.
8:39 of 3rd period - Slapshot by Marian Hossa.
8:39 of 3rd period - Shot Misses the Net.
9:04 of 3rd period - Slapshot by Dan Boyle.
9:04 of 3rd period - Shot Misses the Net.
9:06 of 3rd period - Slapshot by Bryce Lampman.
9:06 of 3rd period - Shot Blocked by Danny Richmond.
9:08 of 3rd period - Wrist shot by Dan Boyle.
9:08 of 3rd period - Stopped by Kari Lehtonen with a rebound.
9:36 of 3rd period - Snap shot by Alexander Ovechkin.
9:36 of 3rd period - Shot Misses the Net.
9:54 of 3rd period - Snap shot by Joe Thornton.
9:54 of 3rd period - Stopped by Tuukka Rask with a rebound.
10:00 of 3rd period - Danny Richmond is hit by Ales Kotalik and loses puck.
10:33 of 3rd period - Snap shot by Taylor Pyatt.
10:33 of 3rd period - Stopped by Kari Lehtonen without a rebound.
10:34 of 3rd period - Travis Zajac wins face-off versus Josef Vasicek in Predators zone.
10:37 of 3rd period - Slapshot by Marian Hossa.
10:37 of 3rd period - Shot Misses the Net.
11:37 of 3rd period - Off-side.
11:38 of 3rd period - Travis Zajac wins face-off versus Josef Vasicek in neutral zone.
11:43 of 3rd period - Backhand shot by Josef Vasicek.
11:43 of 3rd period - Shot Misses the Net.
12:25 of 3rd period - Snap shot by David Perron.
12:25 of 3rd period - Shot Misses the Net.
12:27 of 3rd period - Snap shot by Michael Frolik.
12:27 of 3rd period - Stopped by Kari Lehtonen with a rebound.
12:29 of 3rd period - Slapshot by Kevin Shattenkirk.
12:29 of 3rd period - Deflect By Michael Grabner.
12:29 of 3rd period - Stopped by Kari Lehtonen without a rebound.
12:30 of 3rd period - Oleg Saprykin wins face-off versus Travis Zajac in Predators zone.
12:30 of 3rd period - Oleg Saprykin is hit by Travis Zajac.
12:44 of 3rd period - Wrist shot by Marian Hossa.
12:44 of 3rd period - Stopped by Kari Lehtonen with a rebound.
12:54 of 3rd period - Minor Penalty to Dan Boyle for Tripping.
12:55 of 3rd period - Nik Antropov wins face-off versus Joe Thornton in Blues zone.
13:10 of 3rd period - Slapshot by Alexander Ovechkin.
13:10 of 3rd period - Shot Misses the Net.
13:12 of 3rd period - Wrist shot by Joe Thornton.
13:12 of 3rd period - Shot Misses the Net.
13:30 of 3rd period - Slapshot by Josef Vasicek.
13:30 of 3rd period - Stopped by Tuukka Rask with a rebound.
13:32 of 3rd period - Snap shot by Michael Grabner.
13:32 of 3rd period - Goal by Michael Grabner - Blues : 2 - Predators : 3.
13:33 of 3rd period - Joe Thornton wins face-off versus Travis Zajac in neutral zone.
14:00 of 3rd period - Sergei Shirokov is hit by Alexander Steen and loses puck.
14:10 of 3rd period - Minor Penalty to Dan Boyle for Tripping.
14:11 of 3rd period - Joe Thornton wins face-off versus Taylor Pyatt in Blues zone.
14:37 of 3rd period - Michael Grabner is hit by Bryce Lampman and loses puck.
14:44 of 3rd period - Slapshot by Ryan Mcdonagh.
14:44 of 3rd period - Deflect By Michael Grabner.
14:44 of 3rd period - Stopped by Tuukka Rask with a rebound.
14:46 of 3rd period - Wrist shot by Josef Vasicek.
14:46 of 3rd period - Stopped by Tuukka Rask without a rebound.
14:47 of 3rd period - Nik Antropov wins face-off versus Joe Thornton in Blues zone.
15:42 of 3rd period - Icing by Alexander Steen.
15:43 of 3rd period - Nik Antropov wins face-off versus Michael Grabner in Predators zone.
16:10 of 3rd period - Penalty to Dan Boyle is over, Dan Boyle is back on ice.
16:46 of 3rd period - Drew Fata is hit by Alexander Steen and loses puck.
17:19 of 3rd period - Snap shot by Travis Zajac.
17:19 of 3rd period - Shot Misses the Net.
17:21 of 3rd period - Snap shot by Paul Kariya.
17:21 of 3rd period - Stopped by Kari Lehtonen without a rebound.
17:22 of 3rd period - Marian Hossa wins face-off versus Joe Thornton in Predators zone.
17:27 of 3rd period - Snap shot by Marian Hossa.
17:27 of 3rd period - Deflect By Joe Thornton.
17:27 of 3rd period - Stopped by Kari Lehtonen with a rebound.
17:42 of 3rd period - Snap shot by Marian Hossa.
17:42 of 3rd period - Shot Misses the Net.
17:44 of 3rd period - Snap shot by Marian Hossa.
17:44 of 3rd period - Shot Misses the Net.
17:50 of 3rd period - Joe Thornton is hit by Marian Hossa and loses puck.
17:57 of 3rd period - Alexander Ovechkin is hit by Paul Kariya and loses puck.
18:04 of 3rd period - Slapshot by Marian Hossa.
18:04 of 3rd period - Stopped by Kari Lehtonen without a rebound.
18:05 of 3rd period - Andrew Cogliano wins face-off versus Kris Vernarsky in Predators zone.
18:08 of 3rd period - Slapshot by Andrew Cogliano.
18:08 of 3rd period - Shot Misses the Net.
18:10 of 3rd period - Slapshot by Brian Lee.
18:10 of 3rd period - Deflect By Sergei Shirokov.
18:10 of 3rd period - Shot Misses the Net.
18:10 of 3rd period - Puck is out of play.
18:11 of 3rd period - Kris Vernarsky wins face-off versus Andrew Cogliano in Predators zone.
18:16 of 3rd period - Wrist shot by Andrew Cogliano.
18:16 of 3rd period - Stopped by Kari Lehtonen with a rebound.
18:29 of 3rd period - Icing by Sergei Shirokov.
18:30 of 3rd period - Joe Thornton wins face-off versus Sergei Shirokov in Blues zone.
18:33 of 3rd period - Snap shot by Joe Thornton.
18:33 of 3rd period - Shot Misses the Net.
18:37 of 3rd period - Wrist shot by Alexander Ovechkin.
18:37 of 3rd period - Goal by Alexander Ovechkin - Blues : 2 - Predators : 4.
18:38 of 3rd period - Andrew Cogliano wins face-off versus Kris Vernarsky in neutral zone.
19:04 of 3rd period - Joe Thornton is hit by Marian Hossa and loses puck.
19:15 of 3rd period - Wrist shot by Alexander Ovechkin.
19:15 of 3rd period - Shot Blocked by Bryce Lampman.
Goals for this period are 1 for Blues vs 2 for Predators.
Shots for this period are 12 for Blues vs 8 for Predators.
Output by the SimonT Hockey Simulator (STHS) for François Prévost -- Original Page W3C XHTML 1.0 Valid